 Dungeon Crawl Stone Soup version 0.31.0-32-g396128a36d (webtiles) character file.

Game seed: 4170056986465540719

6481 snadeaben the Geomancer (level 11, 0/62 HPs)
             Began as a Gargoyle Earth Elementalist on Mar 12, 2024.
             Was a Priest of Vehumet.
             Slain by an orc warlord
             ... wielding a +5 broad axe
              (22 damage)
             ... in a bailey.
             The game lasted 00:38:05 (7498 turns).

snadeaben the Geomancer (GrEE)                      Turns: 7498, Time: 00:38:06

Health: 0/62       AC: 25    Str: 14    XL:     11   Next: 0%
Magic:  13/22      EV: 15    Int: 23    God:    Vehumet [***...]
Gold:   335        SH:  0    Dex:  6    Spells: 13/25 levels left

rFire   . . .        n - +4 dagger (chaos)
rCold   . . .        (no shield)
rNeg    + . .        E - +5 ring mail of the Original Sin {Str+2 Int+3 Dex-4}
rPois   ∞            (no helmet)
rElec   +            h - +0 cloak
rCorr   .            (no gloves)
SInv    .            x - +0 pair of boots
Will    .....        (no amulet)
Stlth   ++           f - +4 ring of protection
HPRegen 0.30/turn    D - +5 ring of evasion
MPRegen 0.18/turn

%: no passive effects
@: no status effects
A: sickness immunity, AC +8, negative energy resistance 1, electricity
resistance, torment resistance 1, petrification resistance
a: Renounce Religion


You were in a bailey.
You worshipped Vehumet.
Vehumet was most pleased with you.
You visited 2 branches of the dungeon, and saw 9 of its levels.
You also visited: Bailey.

You collected 455 gold pieces.
You spent 120 gold pieces at shops.

Inventory:

Hand Weapons
 k - a +2 dagger of venom
 n - a +4 dagger of chaos (weapon)
Missiles
 K - a throwing net
Armour
 h - a +0 cloak (worn)
 x - a +0 pair of boots (worn)
 E - the +5 ring mail of the Original Sin (worn) {Str+2 Int+3 Dex-4}
   (You found it on level 5 of the Dungeon)

   Str+2:     It affects your strength (+2).
   Int+3:     It affects your intelligence (+3).
   Dex-4:     It affects your dexterity (-4).
 I - a +1 robe of willpower
Jewellery
 a - a ring of resist corrosion
 f - a +4 ring of protection (left hand)
 m - a +4 ring of protection
 p - a ring of positive energy
 D - a +5 ring of evasion (right hand)
Wands
 F - a wand of digging (8)
 H - a wand of iceblast (13)
Scrolls
 c - 3 scrolls of brand weapon {unknown}
 d - 3 scrolls of teleportation
 g - 2 scrolls of enchant armour
 j - a scroll of enchant weapon {unknown}
 l - 2 scrolls of poison {unknown}
 q - 2 scrolls of noise {unknown}
 s - 2 scrolls of blinking {unknown}
 v - a scroll of silence {unknown}
 y - a scroll of torment {unknown}
 B - 2 scrolls of fog
 J - 4 scrolls of butterflies
 L - a scroll of vulnerability {unknown}
 M - a scroll of revelation {unknown}
Potions
 b - 2 potions of magic
 e - a potion of haste {unknown}
 i - 2 potions of might
 o - 2 potions of mutation {unknown}
 r - 2 potions of heal wounds
 t - 2 potions of degeneration {unknown}
 u - a potion of attraction {unknown}
 z - 2 potions of curing {unknown}
 A - a potion of invisibility {unknown}
 C - a potion of brilliance {unknown}
 G - a potion of cancellation {unknown}
 N - a potion of resistance {unknown}


   Skills:
 + Level 4.8 Fighting
 - Level 2.0 Short Blades
 - Level 4.0 Armour
 + Level 3.2 Dodging
 + Level 4.6 Stealth
 + Level 7.5 Spellcasting
 + Level 5.2 Conjurations
 - Level 11.0 Earth Magic
 + Level 5.1 Alchemy


You had 13 spell levels left.
You knew the following spells:

 Your Spells              Type           Power      Damage    Failure   Level
a - Sandblast             Erth           100%       2d20      1%          1
b - Stone Arrow           Conj/Erth      92%        3d12      1%          3
c - Brom's Barrelling Bo  Conj/Erth      46%        2d6       1%          4
d - Olgreb's Toxic Radia  Alch           32%        N/A       4%          4

Your spell library contained the following spells:

 Spells                   Type           Power      Damage    Failure   Level
 Frozen Ramparts          Ice            16%        1d3       11%         3
 Sting                    Conj/Alch      100%       1d9       1%          1
 Passwall                 Erth           56%        N/A       1%          3
 Mercury Vapours          Alch/Air       40%        N/A       2%          2
 Petrify                  Alch/Erth      45%        N/A       4%          4
 Volatile Blastmotes      Fire/Tloc      16%        2d11      11%         3
 Flame Wave               Conj/Fire      20%        2d7       13%         4
 Apportation              Tloc           16%        N/A       14%         1
 Necrotise                Necr           32%        1d5       14%         1
 Summon Small Mammal      Summ           32%        N/A       14%         1
 Ensorcelled Hibernation  Hex/Ice        16%        N/A       22%         2
 Ozocubu's Armour         Ice            8%         N/A       38%         3
 Summon Ice Beast         Ice/Summ       8%         N/A       38%         3
 Swiftness                Air            8%         N/A       38%         3
 Summon Lightning Spire   Summ/Air       8%         N/A       80%         4


Dungeon Overview and Level Annotations

Branches:
Dungeon (8/15)             Temple (1/1) D:4            Lair (0/5) D:8
 Bailey (1/1)

Altars:
Ashenzari
Cheibriados
Dithmenos
Elyvilon
Fedhas
Hepliaklqana
Makhleb
Nemelex Xobeh
Qazlal
Ru
Sif Muna
Trog
Uskayaw
Vehumet
Wu Jian
Xom
Yredelemnul
The Shining One

Shops:
D:8 :


Innate Abilities, Weirdness & Mutations

You are immune to sickness and miasma.
Your stone body is resilient. (AC +8)
You are immune to poison.
You resist negative energy. (rN+)
You are resistant to electric shocks. (rElec)
You are resistant to unholy torment.
You are immune to petrification.


Message History

Aim: a gnoll, wielding a +0 hand axe and wearing a +0 leather armour (heavily wounded, very poisoned, 100% to hit)
You send a boulder barrelling forward!
The gnoll hits your boulder with a +0 hand axe.
The orc warrior looks more healthy.
You kill the hobgoblin!
Vehumet accepts your kill.
You feel your power returning.
The boulder barrels into the gnoll!
You kill the gnoll!
Vehumet accepts your kill.
You feel your power returning.
The boulder barrels into the orc warlord!
The orc warlord is knocked back.
The orc warlord hits your boulder with a +5 broad axe!
The blast of sand hits the orc warrior!
The orc warrior is almost dead.
The orc warrior hits you with a +0 war axe!
Your boulder crumbles as it rolls away.
The blast of sand hits the orc warrior.
The orc warrior is almost dead.
The orc warrior barely misses you.
The orc warlord jeers loudly.
The blast of sand misses the orc warrior.
The blast of sand hits the orc warlord.
The orc warlord is lightly wounded.
The orc warrior hits you but does no damage.
The blast of sand hits the orc warlord but does no damage.
The orc warlord is lightly wounded.
The orc warlord hits you with a +5 broad axe!
The blast of sand hits the orc warlord!
The orc warlord is moderately wounded.
The orc warlord closely misses you.
The blast of sand hits the orc warlord!!
The orc warlord is heavily wounded.
The orc warlord hits you with a +5 broad axe!!
The orc warlord hits you with a +5 broad axe.
You are too injured to fight recklessly!
You are too injured to fight recklessly!
The orc warlord attacks as it pursues you!
The orc warlord hits you with a +5 broad axe!!
You die... #...).....##..)).## .........#.......# ..)....##.......## og..

...... #.........# ....
#.). ##.........## ..⌠..
###o###.....⌠.....# ....g
##88)88##.........##
...... #...o...#.........#
....).##...@.).##.......##
...)).))...)..).).......#
....##....))...##.....##
## #.....⌠)....#######
##.........## #.........#
##.......## #.......#
##..∩..##


You could see an orc warlord (poisoned) and an orc warrior (strong).

Vanquished Creatures
  A two-headed ogre (D:7)
  Joseph (D:7)
  Maggie (D:7)
  Psyche (D:8)
  Prince Ribbit (D:6)
  7 yaks (D:8)
  A wyvern (D:8)
  A steam dragon (D:8)
  4 black bears
  2 ice beasts (D:6)
  A sky beast (D:8)
  10 orc warriors
  4 ogres
  A centaur (D:8)
  Blork the orc (D:5)
  6 bullfrogs
  5 wights (D:6)
  A howler monkey (D:5)
  4 hounds
  4 jellies
  A gnoll bouda (D:5)
  2 orc priests (D:8)
  3 iguanas
  5 orc wizards
  Robin (D:2)
  16 gnolls
  3 adders
  3 shadow imps
  A white imp (D:5)
  2 ufetubi (D:6)
  6 dart slugs
  3 ribbon worms
  29 orcs
  9 ball pythons
  5 bats
  3 endoplasms
  4 giant cockroaches
  17 goblins
  15 hobgoblins
  9 jackals
  5 kobolds
  4 quokkas
  6 frilled lizards
  5 rats
214 creatures vanquished.

Vanquished Creatures (collateral kills)
  3 boulders
3 creatures vanquished.

Grand Total: 217 creatures vanquished

Notes
Turn   | Place    | Note
-------+----------+-------------------------------------------
     0 | D:1      | snadeaben the Gargoyle Earth Elementalist began the quest
                  | for the Orb.
     0 | D:1      | Reached XP level 1. HP: 10/10 MP: 3/3
     0 | D:1      | Noticed a large abomination
     1 | D:1      | Noticed a large abomination
     2 | D:1      | Noticed a large abomination
     4 | D:1      | Noticed a large abomination
     4 | D:1      | Noticed a large abomination
     6 | D:1      | Noticed a large abomination
     7 | D:1      | Noticed a large abomination
     8 | D:1      | Noticed a large abomination
     9 | D:1      | Noticed a large abomination
    11 | D:1      | Noticed a large abomination
    11 | D:1      | Noticed a large abomination
    13 | D:1      | Noticed a small abomination
    15 | D:1      | Noticed a small abomination
    15 | D:1      | Noticed a large abomination
    15 | D:1      | Noticed a large abomination
    17 | D:1      | Noticed a large abomination
    19 | D:1      | Noticed a large abomination
    21 | D:1      | Noticed a large abomination
   131 | D:1      | Reached skill level 4 in Earth Magic
   133 | D:1      | Reached XP level 2. HP: 15/15 MP: 1/5
   262 | D:1      | Got the Treatise on Ignition and Cold
   548 | D:1      | Reached XP level 3. HP: 16/19 MP: 2/6
  1147 | D:2      | Noticed Robin
  1159 | D:2      | Reached skill level 5 in Earth Magic
  1160 | D:2      | Killed Robin
  1162 | D:2      | Reached XP level 4. HP: 8/24 MP: 1/8
  1603 | D:2      | Found a faded altar of an unknown god.
  2296 | D:4      | Reached XP level 5. HP: 28/28 MP: 4/9
  2303 | D:4      | Reached skill level 6 in Earth Magic
  2653 | D:4      | Reached XP level 6. HP: 33/33 MP: 9/11
  2694 | D:4      | Reached skill level 1 in Fighting
  2812 | D:4      | Found a staircase to the Ecumenical Temple.
  2819 | Temple   | Entered the Ecumenical Temple
  2873 | Temple   | Became a worshipper of Vehumet
  3127 | D:5      | Entered Level 5 of the Dungeon
  3173 | D:5      | Noticed Blork the orc
  3183 | D:5      | Killed Blork the orc
  3184 | D:5      | Reached skill level 1 in Short Blades
  3220 | D:5      | Reached skill level 7 in Earth Magic
  3370 | D:5      | Reached XP level 7. HP: 26/40 MP: 7/12
  3544 | D:5      | Learned a level 3 spell: Stone Arrow
  3702 | D:5      | Identified the +5 ring mail of the Original Sin {Str+2
                  | Int+3 Dex-4}
  3875 | D:5      | Reached skill level 8 in Earth Magic
  4452 | D:6      | Reached XP level 8. HP: 46/46 MP: 11/14
  4622 | D:6      | Reached skill level 1 in Alchemy
  4696 | D:6      | Noticed Prince Ribbit
  4708 | D:6      | Killed Prince Ribbit
  4709 | D:6      | Reached skill level 5 in Spellcasting
  4709 | D:6      | Reached skill level 9 in Earth Magic
  4922 | D:6      | Reached skill level 10 in Earth Magic
  5183 | D:6      | Reached XP level 9. HP: 50/50 MP: 10/17
  5412 | D:6      | Learned a level 4 spell: Brom's Barrelling Boulder
  5428 | D:7      | Noticed Joseph
  5541 | D:7      | Killed Joseph
  5541 | D:7      | Reached * piety under Vehumet
  5541 | D:7      | Offered knowledge of Shock by Vehumet.
  5542 | D:7      | Reached skill level 1 in Armour
  5859 | D:7      | Noticed a two-headed ogre
  5860 | D:7      | Reached skill level 11 in Earth Magic
  5866 | D:7      | Killed a two-headed ogre
  5877 | D:7      | Noticed Maggie
  5936 | D:7      | Killed Maggie
  5942 | D:7      | Learned a level 4 spell: Olgreb's Toxic Radiance
  6032 | D:7      | Reached XP level 10. HP: 56/56 MP: 11/20
  6679 | D:8      | Reached ** piety under Vehumet
  6679 | D:8      | Offered knowledge of Scorch by Vehumet.
  6726 | D:8      | Found a staircase to the Lair.
  6754 | D:8      | Noticed a boulder beetle
  6789 | D:8      | Found Teru's Tiny Tomes.
  6797 | D:8      | Bought Sif Muna's Treatise on Ozone for 120 gold pieces
  7000 | D:8      | Noticed Psyche
  7010 | D:8      | Killed Psyche
  7175 | D:8      | Found a flagged portal.
  7191 | Bailey   | Entered a bailey
  7255 | Bailey   | Offered knowledge of Frozen Ramparts by Vehumet.
  7319 | Bailey   | Reached skill level 5 in Alchemy
  7321 | Bailey   | Reached skill level 5 in Conjurations
  7379 | Bailey   | Reached *** piety under Vehumet
  7384 | Bailey   | Reached XP level 11. HP: 55/62 MP: 5/22
  7486 | Bailey   | Noticed an orc warlord
  7498 | Bailey   | Slain by an orc warlord

Illustrated notes

Levels and vault maps discovered:
D:1:      shiori_arrival_whats_in_store_for_you, layout_basic,
          wander_ebering_terrifying_dragon_lair
D:2:      layout_loops_ring, ebering_ecumenical_altar_abandoned,
          roderic_lattice_a, uniq_robin
D:3:      layout_basic, hangedman_decor_diamond_cutter, minmay_surrounded
D:4:      layout_basic, minmay_temple_entry_statues_fountains
D:5:      layout_cave_pods, portal_sewer_entry_a, uniq_blork_the_orc
D:6:      layout_cave_pods, uniq_prince_ribbit1
D:7:      layout_cave_pods, uniq_joseph, uniq_maggie
D:8:      layout_basic, grunt_temple_overflow_gold_and_silver,
          david_lair_generic, enter_bailey_5,
          nicolae_shop_i_like_small_books_too, moated_statue, uniq_psyche
Temple:   dpeg_five_rooms_temple
Bailey:   bailey_axe_minmay_hex_keep, bailey

Skill      XL: |  1  2  3  4  5  6  7  8  9 10 |
---------------+-------------------------------+-----
Earth Magic    | 4 5 6 7 8 10 11 | 11.0
Spellcasting   | 3 4 5 6 7 |  7.5
Fighting       | 2 3 4 |  4.8
Short Blades   | 1 2 |  2.0
Alchemy        | 2 4 5 |  5.1
Armour         | 4 |  4.0
Conjurations   | 3 5 |  5.2
Dodging        | 3 |  3.2
Stealth        | 4 |  4.6

Action                     |  1- 3 |  4- 6 |  7- 9 | 10-12 || total
---------------------------+-------+-------+-------+-------++-------
  Melee: Dagger            |    23 |    63 |    14 |     4 ||   104
         Punch             |       |     1 |       |       ||     1
   Cast: Sandblast         |    38 |    70 |    77 |    78 ||   263
         Stone Arrow       |       |       |    22 |    10 ||    32
         Brom's Barrelling |       |       |     1 |     3 ||     4
         Olgreb's Toxic Ra |       |       |       |    10 ||    10
    Use: Scroll            |       |       |       |     7 ||     7
   Stab: Sleeping          |     2 |     2 |     1 |       ||     5
 Armour: Robe              |    22 |    87 |    39 |       ||   148
         Ring mail         |       |       |    16 |    34 ||    50
  Dodge: Dodged            |    14 |    64 |    32 |    36 ||   146
